 Dungeon Crawl Stone Soup version 0.21.1-1-g345015fe64 (webtiles) character file.

7080 KleinerIrrer the Cleaver (level 11, -1/75 HPs)
             Began as a Formicid Fighter on Mar 26, 2018.
             Was a Believer of the Shining One.
             Slain by Snorg (7 damage)
             ... on level 10 of the Dungeon.
             The game lasted 00:20:41 (8066 turns).

KleinerIrrer the Cleaver (Formicid Fighter)         Turns: 8066, Time: 00:20:41

Health: -1/75      AC: 16    Str: 22    XL:     11   Next: 30%
Magic:  11/14      EV:  7    Int: 13    God:    the Shining One [**....]
Gold:   569        SH: 19    Dex: 14    Spells: 10/10 levels left

rFire    + . .     SeeInvis +   d - +2 battleaxe (chop)
rCold    + . .     Gourm    .   c - +0 shield
rNeg     + . .     Faith    .   j - +0 chain mail "Eshroc" {rF+}
rPois    +         Spirit   .   (helmet unavailable)
rElec    .         Reflect  .   a - +2 cloak
rCorr    .         Harm     .   (no gloves)
MR       ++...                  D - +1 pair of boots
Stlth    ..........             m - amulet of regeneration
HPRegen  0.62/turn              N - ring of Foruwim {rPois MR+ Int+3 Dex+4 Stlth+}
MPRegen  0.14/turn              l - ring of protection from cold

@: divine shield, glowing
A: permanent stasis, dig shafts and tunnels, four strong arms, antennae 3
a: Dig, Shaft Self, Divine Shield, Renounce Religion


You were on level 10 of the Dungeon.
You worshipped the Shining One.
The Shining One was pleased with you.
You were not hungry.

You visited 1 branch of the dungeon, and saw 10 of its levels.

You collected 569 gold pieces.

Inventory:

Hand Weapons
 d - a +2 battleaxe of chopping (weapon)
 M - a +2 dire flail of protection
Missiles
 h - 20 bolts
Armour
 a - a +2 cloak (worn)
 c - a +0 shield (worn)
 j - the +0 chain mail "Eshroc" (worn) {rF+}
   (You found it on level 8 of the Dungeon)

   It protects you from fire.
 D - a +1 pair of boots (worn)
 F - a +0 plate armour
Magical Staves
 v - an uncursed staff of power
Jewellery
 i - an uncursed ring of magical power
 l - a ring of protection from cold (right hand)
 m - an amulet of regeneration (around neck)
 w - an uncursed amulet of magic regeneration
 G - an uncursed ring of flight
 N - the ring of Foruwim (left hand) {rPois MR+ Int+3 Dex+4 Stlth+}
   (You found it on level 9 of the Dungeon)

   [ring of stealth]

   It affects your intelligence (+3).
   It affects your dexterity (+4).
   It protects you from poison.
   It affects your resistance to hostile enchantments.
   It makes you more stealthy.
Wands
 e - a wand of disintegration (15)
 B - a wand of enslavement (15)
Scrolls
 k - 5 scrolls of remove curse
 o - 2 scrolls of blinking {unknown}
 p - 2 scrolls of fear {unknown}
 t - 2 scrolls of immolation {unknown}
 u - 4 scrolls of amnesia {unknown}
 x - 2 scrolls of noise {unknown}
 y - 2 scrolls of random uselessness {unknown}
 z - 3 scrolls of magic mapping {unknown}
 A - a scroll of enchant armour {unknown}
 E - a scroll of enchant weapon {unknown}
Potions
 b - 3 potions of lignification
 n - 2 potions of magic
 r - 5 potions of curing
 s - 2 potions of invisibility
 C - 2 potions of ambrosia {unknown}
 H - a potion of haste {unknown}
 K - a potion of flight {unknown}
 L - a potion of heal wounds {unknown}
Books
 J - a book of Misfortune

   Spells                             Type                      Level
   a - Confusing Touch                Hexes                        1
   b - Confuse                        Hexes                        3
   c - Gell's Gravitas                Translocation                3
   d - Petrify                        Transmutation/Earth          4
   e - Metabolic Englaciation         Hexes/Ice                    5
   f - Yara's Violent Unravelling     Hexes/Transmutation          5
Comestibles
 f - 19 rations
 I - 4 chunks of flesh


   Skills:
 - Level 3.2 Fighting
 + Level 13.7 Axes
 + Level 8.4 Armour
 + Level 6.3 Shields
 - Level 4.0 Invocations


You had 10 spell levels left.
You didn't know any spells.

Dungeon Overview and Level Annotations

Branches:
Dungeon (10/15)            Temple (0/1) D:6            Lair (0/6) D:8
    Orc (0/2) D:9

Altars:
Ashenzari
Cheibriados
Dithmenos
Hepliaklqana
Kikubaaqudgha
Makhleb
Nemelex Xobeh
Okawaru
Qazlal
Sif Muna
Vehumet
Wu Jian
Yredelemnul
The Shining One

Annotations:
D:6 2 runed doors, exclusion: statue
D:10 Snorg


Innate Abilities, Weirdness & Mutations

You cannot be hasted, slowed, berserked, paralysed or teleported.
You can dig through walls and to a lower floor.
Your four strong arms can wield two-handed weapons with a shield.
You have a pair of large antennae on your head. (SInv)


Message History

You are too injured to fight recklessly!
Unknown command.
Okay, then.
Okay, then.
Your shield is strengthened by the Shining One's divine power.
You feel slightly more hungry.
You block Snorg's attack. x2; Snorg claws you.
* * * LOW HITPOINT WARNING * * *
You block Snorg's attack. Snorg claws you!
* * * LOW HITPOINT WARNING * * *
Snorg claws you.
* * * LOW HITPOINT WARNING * * *
It was a potion of agility.
You feel agile all of a sudden. Snorg closely misses you.
Snorg barely misses you. You block Snorg's attack.
It was a potion of cancellation.
Your magical effects are unravelling.
You feel magically purged.
You feel a little less agile now. You block Snorg's attack. Snorg claws you!
You die...

#######....... #...
#....... #.... #.>.....
#.... #.......
#....########+###.......
#...............#.......
#.$.............#.......
#.....T.........#.......
#(.....@........#.......
#...............#.......
#....######.....#.......
#... #..........'.......
#.. #..........#.......
#. #..........#....... #
#..........#.......
#..........#.......
#..........#.......


You could see Snorg (berserk).

Vanquished Creatures
  A two-headed ogre (D:9)
  Maurice (D:9)
  A gargoyle (D:10)
  A troll (D:9)
  The ghost of Blank the Poker, an amateur MfSk (D:4)
  2 hippogriffs
  Sigmund (D:6)
  Grum (D:9)
  5 orc warriors
  A sky beast (D:10)
  3 ice beasts
  A black bear (D:7)
  2 necrophages
  6 ogres
  5 phantoms
  2 wolves (D:9)
  A big kobold (D:8)
  3 bullfrogs
  A water moccasin zombie (D:5)
  2 scorpions (D:9)
  13 killer bees
  2 howler monkeys
  4 crimson imps
  A quasit (D:8)
  A bullfrog zombie (D:8)
  2 hounds
  A jelly (D:10)
  2 centaur skeletons
  5 orc priests
  9 orc wizards
  Natasha (D:3)
  4 iguanas
  7 worker ants
  A killer bee zombie (D:6)
  A hound zombie (D:9)
  A hound skeleton (D:7)
  2 worker ant zombies
  Robin (D:3)
  8 gnolls (D:6)
  2 howler monkey skeletons
  12 adders
  2 shadow imps
  An ooze (D:2)
  An adder skeleton (D:9)
  3 adder zombies
  2 worms (D:4)
  2 dart slugs
  2 leopard geckos
  52 orcs
  A ball python (D:1)
  2 bats
  2 giant cockroaches
  18 goblins
  10 hobgoblins
  5 jackals
  5 quokkas
  6 frilled lizards
  10 kobolds
  3 rats
248 creatures vanquished.

Notes
Turn   | Place    | Note
-------+----------+-------------------------------------------
     0 | D:1      | KleinerIrrer the Formicid Fighter began the quest for the Orb.
     0 | D:1      | Reached XP level 1. HP: 18/18 MP: 1/1
   149 | D:1      | Reached XP level 2. HP: 17/24 MP: 2/2
   311 | D:1      | Reached skill level 3 in Axes
   364 | D:1      | Found a sparkling altar of Nemelex Xobeh.
   645 | D:1      | Reached XP level 3. HP: 28/29 MP: 3/3
   716 | D:2      | Reached skill level 4 in Axes
   716 | D:2      | Reached XP level 4. HP: 5/35 MP: 4/4
  1388 | D:3      | Reached XP level 5. HP: 39/41 MP: 5/5
  1445 | D:3      | Noticed Robin
  1458 | D:3      | Killed Robin
  1458 | D:3      | Reached skill level 5 in Axes
  1576 | D:3      | Found a shattered altar of Ashenzari.
  1578 | D:3      | Found a shadowy altar of Dithmenos.
  1578 | D:3      | Found a basalt altar of Yredelemnul.
  1727 | D:3      | Found a deep blue altar of Sif Muna.
  1984 | D:4      | Noticed Natasha
  2066 | D:3      | Killed Natasha
  2066 | D:3      | Reached XP level 6. HP: 34/47 MP: 6/6
  2093 | D:4      | Reached skill level 6 in Axes
  2142 | D:4      | Noticed an ogre
  2149 | D:4      | Killed an ogre
  2150 | D:4      | Reached skill level 7 in Axes
  2150 | D:4      | Reached XP level 7. HP: 6/52 MP: 7/7
  2279 | D:4      | Noticed Blank's ghost (amateur MfSk)
  2306 | D:4      | Killed Blank's ghost
  2306 | D:4      | Reached skill level 8 in Axes
  2447 | D:4      | Reached XP level 8. HP: 38/58 MP: 8/8
  2534 | D:4      | Reached skill level 9 in Axes
  2576 | D:4      | Found a burning altar of Makhleb.
  2783 | D:5      | Entered Level 5 of the Dungeon
  3304 | D:5      | Reached skill level 10 in Axes
  3944 | D:6      | Reached XP level 9. HP: 59/64 MP: 9/9
  4000 | D:6      | Reached skill level 5 in Armour
  4122 | D:6      | Found a runed door.
  4190 | D:6      | Found a glowing golden altar of the Shining One.
  4207 | D:6      | Became a worshipper of the Shining One
  4319 | D:6      | Found a staircase to the Ecumenical Temple.
  4426 | D:6      | Found an ancient bone altar of Kikubaaqudgha.
  4462 | D:6      | Noticed Sigmund
  4472 | D:6      | Killed Sigmund
  4488 | D:6      | Found a radiant altar of Vehumet.
  4596 | D:6      | Found a runed door.
  4962 | D:7      | Found a hazy altar of Hepliaklqana.
  5094 | D:7      | Reached skill level 11 in Axes
  5181 | D:7      | Noticed a hippogriff
  5189 | D:7      | Killed a hippogriff
  5264 | D:7      | Found a snail-covered altar of Cheibriados.
  5443 | D:8      | Reached XP level 10. HP: 47/70 MP: 10/10
  5561 | D:8      | Reached * piety under the Shining One
  5602 | D:8      | Found an iron altar of Okawaru.
  5780 | D:8      | Reached skill level 12 in Axes
  5873 | D:8      | Got a scorched chain mail
  5884 | D:8      | Identified the +0 chain mail "Eshroc" {rF+} (You found it on level 8 of the Dungeon)
  6154 | D:8      | Found a staircase to the Lair.
  6611 | D:9      | Found a staircase to the Orcish Mines.
  6623 | D:9      | Reached skill level 5 in Shields
  6669 | D:9      | Reached ** piety under the Shining One
  6711 | D:9      | Noticed Grum
  6723 | D:9      | Killed Grum
  6723 | D:9      | Reached skill level 1 in Invocations
  6823 | D:9      | Found an ornate altar of the Wu Jian Council.
  7008 | D:9      | Noticed a two-headed ogre
  7094 | D:9      | Killed a two-headed ogre
  7094 | D:9      | Reached skill level 13 in Axes
  7094 | D:9      | Reached XP level 11. HP: 59/75 MP: 12/12
  7106 | D:9      | Got a translucent golden ring
  7118 | D:9      | Identified the ring of Foruwim {rPois MR+ Int+3 Dex+4 Stlth+} (You found it on level 9 of the Dungeon)
  7184 | D:9      | Found a stormy altar of Qazlal.
  7308 | D:9      | Noticed Maurice
  7322 | D:9      | Killed Maurice
  7432 | D:10     | Entered Level 10 of the Dungeon
  8057 | D:10     | Noticed Snorg
  8066 | D:10     | Slain by Snorg

Skill      XL: |  1  2  3  4  5  6  7  8  9 10 11 |
---------------+----------------------------------+-----
Axes           | 3 4 5 7 8 10 11 13 | 13.7
Armour         | 4 7 8 |  8.4
Shields        | 5 6 |  6.3
Invocations    | 2 4 |  4.0
Fighting       | |  3.2

Action                   |  1- 3 |  4- 6 |  7- 9 | 10-12 || total
-------------------------+-------+-------+-------+-------++-------
Melee: War axe           |    63 |   148 |   366 |     2 ||   579
       Battleaxe         |       |       |       |   211 ||   211
Invok: Divine Shield     |       |       |       |     1 ||     1
 Abil: Dig               |       |       |       |     1 ||     1
  Use: Potion            |       |       |     1 |     3 ||     4
       Scroll            |       |       |       |     9 ||     9
  Eat: Chunk             |       |     4 |    11 |     6 ||    21
       Ration            |       |       |       |     1 ||     1
Armor: Scale mail        |    25 |    56 |    25 |       ||   106
       Chain mail        |       |       |   110 |    57 ||   167
       Plate armour      |       |       |       |    28 ||    28
       Skin              |       |       |       |    11 ||    11
Dodge: Dodged            |    17 |    54 |    71 |    59 ||   201
Block: Shield            |    32 |    80 |   136 |   122 ||   370
